 Dungeon Crawl Stone Soup version 0.16-a0-3606-g1520cdc (webtiles) character file.

116 Ololoev the Changer (level 5, 0/37 HPs)
             Began as a Merfolk Transmuter on Jan 13, 2015.
             Succumbed to poison (a potion of poison)
             ... on level 3 of the Dungeon.
             The game lasted 00:08:41 (3202 turns).

Ololoev the Changer (Merfolk Transmuter)            Turns: 3202, Time: 00:08:41

Health: 0/37       AC:  2    Str: 17    XL:     5   Next: 1%
Magic:  6/9        EV: 21    Int: 12    God:
Gold:   138        SH:  0    Dex: 19    Spells: 3 memorised, 3 levels left

rFire  . . .     SeeInvis .       - Unarmed
rCold  . . .     Clarity  .     c - melded +1 robe
rNeg   . . .     SustAb   .     (shield currently unavailable)
rPois  x         Gourm    .     (helmet currently unavailable)
rElec  .         Spirit   .     (cloak currently unavailable)
rCorr  .         Warding  .     (gloves currently unavailable)
rMut   .         Stasis   .     (boots currently unavailable)
MR     .....                    (no amulet)
Stlth  ++........               (no ring)
                                (no ring)

@: mighty, lethally poisoned, spider-form, not resistant to hostile
enchantments, unstealthy
A: (change form in water), (swift swim)
a: End Transformation


You were on level 3 of the Dungeon.
You were not hungry.
You were a venomous arachnid creature.
You visited 1 branch of the dungeon, and saw 3 of its levels.

You collected 138 gold pieces.

Notes
Turn   | Place    | Note
--------------------------------------------------------------
     0 | D:1      | Ololoev, the Merfolk Transmuter, began the quest for the Orb.
     0 | D:1      | Reached XP level 1. HP: 15/15 MP: 3/3
   305 | D:1      | Reached XP level 2. HP: 12/21 MP: 2/4
   954 | D:1      | Reached skill level 4 in Transmutations
  1141 | D:1      | Reached XP level 3. HP: 23/26 MP: 6/6
  1230 | D:1      | Learned a level 3 spell: Spider Form
  1303 | D:1      | Learned a level 2 spell: Sticks to Snakes
  1468 | D:2      | Noticed Terence
  1637 | D:2      | Killed Terence
  2416 | D:2      | Reached XP level 4. HP: 32/32 MP: 5/8
  2618 | D:3      | Found a bloodstained altar of Trog.
  2970 | D:3      | Noticed Natasha
  2980 | D:3      | Killed Natasha
  2980 | D:3      | Reached skill level 5 in Transmutations
  3193 | D:3      | Reached XP level 5. HP: 11/37 MP: 9/9
  3200 | D:3      | HP: 1/37 [poison (a potion of poison)]
  3202 | D:3      | Succumbed to poison (a potion of poison)

Inventory:

Missiles
 b - 40 arrows
Armour
 c - a +1 robe (melded)
Scrolls
 e - a scroll of blinking {unknown}
 g - 2 scrolls of identify {unknown}
 h - 2 scrolls of recharging {unknown}
 j - a scroll of enchant armour
 l - a scroll of fear {unknown}
 m - a scroll of enchant weapon
 o - a scroll of remove curse {unknown}
 r - 2 scrolls of teleportation {unknown}
 s - a scroll of amnesia {unknown}
Potions
 f - 2 potions of brilliance
 n - a potion of agility
Books
 d - a book of Changes

   Spells                             Type                      Level
   a - Beastly Appendage              Transmutation                1
   b - Sticks to Snakes               Transmutation                2
   c - Spider Form                    Transmutation/Poison         3
   d - Ice Form                       Ice/Transmutation            4
   e - Blade Hands                    Transmutation                5
Comestibles
 a - 3 bread rations
 q - a meat ration

Table legend:
 A = Turns spent in this place as a percentage of turns spent in the entire game.
 B = Non-inter-level travel turns spent in this place as a percentage of non-inter-level travel turns spent in the entire game.
 C = Inter-level travel turns spent in this place as a percentage of turns spent in this place.
 D = Turns resting spent in this place as a percentage of non-inter-level travel turns spent in this place.
 E = Turns spent auto-exploring this place as a percentage of non-inter-level travel turns spent in this place.
 F = Non-inter-level travel turns spent in this place divided by the number of levels of this place that you've seen.
                   A       B       C       D       E      F
               +-------+-------+-------+-------+-------+----------------------
         Total | 100.0 | 100.0 |   0.6 |  11.3 |  10.4 | 223.7
       Dungeon | 100.0 | 100.0 |   0.6 |  11.3 |  10.4 | 223.7
               +-------+-------+-------+-------+-------+----------------------


   Skills:
 - Level 1.1 Fighting
 - Level 2.6 Dodging
 + Level 4.1 Unarmed Combat
 + Level 2.5 Spellcasting
 * Level 5.3 Transmutations


You had 3 spell levels left.
You knew the following spells:

 Your Spells              Type           Power        Failure   Level  Hunger
a - Beastly Appendage     Trmt           ##....       10%         1    #......
b - Spider Form           Trmt/Pois      #.........   52%         3    ###....
c - Sticks to Snakes      Trmt           ##........   14%         2    ###....


Dungeon Overview and Level Annotations

Branches:
Dungeon (3/15)

Altars:
Trog


Message History

You feel sick.
Drink which item? (? for menu, Esc to quit)
It was a potion of cancellation.
Your magical effects are unravelling.
You feel magically purged.
You feel a little less agile now.
You feel a little less clever now.
You feel sick.
Drink which item? (? for menu, Esc to quit)
It was a potion of restore abilities.
You feel refreshed.
Your horns disappear.
You feel sick.
Drink which item? (? for menu, Esc to quit)
It was a potion of poison.
That liquid tasted very nasty...
You are more poisoned.
You feel sick.
Drink which item? (? for menu, Esc to quit)
It was a potion of might.
You feel very mighty all of a sudden.
You feel sick.
Read which item? (? for menu, Esc to quit)
Okay, then.
Eat which item? (? for menu, Esc to quit)
Okay, then.
Drink which item? (? for menu, Esc to quit)
Okay, then.
Casting: Beastly Appendage
Confirm with . or Enter, or press ? or * to list all spells.
You turn into a venomous arachnid creature.
Your +0 robe melds into your body.
You feel sick.
Read which item? (? for menu, Esc to quit)
As you read the scroll labeled NYDGHEU ROSSOUGH, it crumbles to dust.
It is a scroll of enchant weapon.
You aren't carrying any weapons that can be enchanted.
You feel sick.
Read which item? (? for menu, Esc to quit)
As you read the scroll labeled TETWUN MOOB, it crumbles to dust.
It is a scroll of enchant armour.
Enchant which item? (? for menu, Esc to quit)
Your +0 robe glows green for a moment.
You die...

#.............
##.###........
#.#######.#.. #..#
#.#.. ####.# #.#.. #
..##.# #.#..
#.#####.##.# #.#..
#.#...†...##.# #....
#....s##.##.#########.
#.#..#............#
#.. #.
####.###.....###..
#.......# #..........
##......# #.....###.#
######## #.....# #..
###.### ##. #.).# #.
####.#### #.


There were no monsters in sight!

Table legend:
 A = Kills in this place as a percentage of kills in entire the game.
 B = Kills by you in this place as a percentage of kills by you in the entire game.
 C = Kills by friends in this place as a percentage of kills by friends in the entire game.
 D = Other kills in this place as a percentage of other kills in the entire game.
 E = Experience gained in this place as a percentage of experience gained in the entire game.
 F = Experience gained in this place divided by the number of levels of this place that you have seen.
                   A       B       C       D       E      F
               +-------+-------+-------+-------+-------+----------------------
         Total | 100.0 | 100.0 |  -nan |  -nan | 100.0 |  55.7
       Dungeon | 100.0 | 100.0 |  -nan |  -nan | 100.0 |  55.7
               +-------+-------+-------+-------+-------+----------------------

Vanquished Creatures
  Natasha (D:3)
  Terence (D:2)
  2 adders (D:3)
  2 worms (D:2)
  3 giant geckos (D:1)
  A giant cockroach (D:1)
  7 hobgoblins
  3 jackals (D:3)
  8 kobolds
  9 bats
  2 giant newts
  4 goblins
  3 rats
46 creatures vanquished.

Action                   |  1- 3 |  4- 6 || total
-------------------------+-------+-------++-------
Melee: Unarmed           |   148 |    47 ||   195
 Cast: Beastly Appendage |    23 |     4 ||    27
       Spider Form       |     5 |     2 ||     7
       Sticks to Snakes  |     1 |       ||     1
  Use: Potion            |       |     6 ||     6
       Scroll            |       |     2 ||     2
 Stab: Sleeping          |     1 |     1 ||     2
  Eat: Chunk             |     4 |     1 ||     5
       Bread ration      |     1 |       ||     1

Vault maps used:
D:1:      dpeg_arrival_rooms_with_view
D:2:      uniq_terence
D:3:      first_bread, trog_book, uniq_natasha
